 Dungeon Crawl Stone Soup version 0.31.0-12-g77e489cdc1 (webtiles) character file.

Game seed: 16463749827379578820

53 Killerpretzel the Changeling (level 3, -3/24 HPs)
             Began as an Octopode Shapeshifter on Feb 11, 2024.
             Killed by divine providence
             ... invoked by an orc priest
              (10 damage)
             ... on level 3 of the Dungeon.
             The game lasted 00:00:46 (978 turns).

Killerpretzel the Changeling (Octopode Shapeshifter) Turns: 978, Time: 00:00:47

Health: -3/24      AC:  1    Str: 13    XL:     3   Next: 89%
Magic:  3/3        EV: 13    Int: 12    God:
Gold:   87         SH:  0    Dex: 13    Spells: 2/2 levels left

rFire   . .          .
                       - Unarmed
rCold   . . .        (no shield)
rNeg    . . .        (helmet currently unavailable)
rPois   .            (no amulet)
rElec   .            (no ring)
rCorr   .            (no ring)
SInv    .            (no ring)
Will    .....        (no ring)
Stlth   ++           (no ring)
HPRegen 0.24/turn    (no ring)
MPRegen 0.08/turn    (no ring)
                     (no ring)

%: no passive effects
@: beast-form
A: beast (slay +2), almost no armour, amphibious, 8 rings, camouflage 1,
gelatinous body 1, (nimble swimmer 1), tentacles
a: Begin Untransformation


You were on level 3 of the Dungeon.
You were a hulking beast.
You visited 1 branch of the dungeon, and saw 3 of its levels.

You collected 87 gold pieces.

Inventory:

Talismans
 b - a beast talisman
 c - a flux talisman
Scrolls
 e - a scroll of fear
 f - a scroll of identify
 i - a scroll of revelation {unknown}
Potions
 a - 2 potions of lignification
 d - a potion of attraction {unknown}
 g - a potion of curing
 h - a potion of might


   Skills:
 + Level 1.7 Fighting
 + Level 2.5 Dodging
 + Level 3.3 Unarmed Combat
 * Level 3.6 Shapeshifting


You had 2 spell levels left.
You didn't know any spells.
Your spell library contained the following spells:

 Spells                   Type           Power      Damage    Failure   Level
 Apportation              Tloc           0%         N/A       32%         1
 Jinxbite                 Hex            0%         N/A       45%         2
 Frozen Ramparts          Ice            0%         1d1       69%         3
 Leda's Liquefaction      Alch/Erth      0%         N/A       97%         4
 Petrify                  Alch/Erth      0%         N/A       97%         4
 Alistair's Intoxication  Alch           0%         N/A       100%        5
 Metabolic Englaciation   Hex/Ice        0%         N/A       100%        5
 Malign Gateway           Summ/Tloc      0%         N/A       100%        7
 Summon Horrible Things   Summ           0%         N/A       100%        8


Dungeon Overview and Level Annotations

Branches:
Dungeon (2/15)

Altars:

Annotations:
D:3 3 runed translucent doors


Innate Abilities, Weirdness & Mutations

You are a hulking beast.
Your limbs bulge with bestial killing power. (Slay +2)
You cannot wear most types of armour.
You are amphibious.
You can wear up to eight rings at the same time.
Your skin changes colour to match your surroundings (Stealth+).
Your rubbery body absorbs attacks. (AC +1, EV +1)
((You are camouflaged when in or above water. (Stealth+)))
You have tentacles for arms and can constrict up to eight enemies at once.


Message History

You are too injured to fight recklessly!
You are too injured to fight recklessly!
You are too injured to fight recklessly!
You are too injured to fight recklessly!
You are too injured to fight recklessly!
You are too injured to fight recklessly!
You are too injured to fight recklessly!
You are too injured to fight recklessly!
You are too injured to fight recklessly!
You are too injured to fight recklessly!
There are monsters nearby!
You are too injured to fight recklessly!
You are too injured to fight recklessly!
You are too injured to fight recklessly!
You are too injured to fight recklessly!
You are too injured to fight recklessly!
You are too injured to fight recklessly!
You are too injured to fight recklessly!
You are too injured to fight recklessly!
You are too injured to fight recklessly!
You are too injured to fight recklessly!
There are monsters nearby!
You closely miss the orc. Your grab misses the orc. You squeeze the orc.
You kill the orc!
The adder barely misses you.
You tentacle-slap the orc. You grab the orc. You squeeze the orc.
You kill the orc!
The adder completely misses you.
The orc priest hits you with a +0 hand axe.
The orc barely misses you.
Things that are here:
a +0 flail; a +0 trident; an orc corpse You tentacle-slap the orc priest.
You grab the orc priest.
The orc priest is lightly wounded.
You constrict the orc priest, but do no damage.
The adder closely misses you.
The orc hits you with a +0 vampiric hand axe.
The orc priest mumbles some strange prayers to Beogh against you.
Beogh smites you!
You die...

.........#
.......(###.....
.........# ... .
###......## .... ##
# #......#.# ...#.#
#......#..# .#..#
###......#... #...#
.........#...##oo.#
....###..#..#S.#h.#
.........# #..SS#.#
....###..# #....#.#
.# ###.## ##..##.#
#....# #...# .#
#...## ##..# /# ..
#....###...####
.#..#)†...#.....##
.#........#......#


You could see an orc priest, 2 adders and an orc.

Vanquished Creatures
  2 dart slugs
  3 orcs (D:3)
  3 endoplasms (D:1)
  4 giant cockroaches
  2 goblins
  3 hobgoblins
  7 jackals
  4 kobolds (D:1)
  A quokka (D:3)
  3 ball pythons (D:1)
  4 bats
  2 frilled lizards (D:1)
  2 rats (D:1)
40 creatures vanquished.

Notes
Turn   | Place    | Note
-------+----------+-------------------------------------------
     0 | D:1      | Killerpretzel the Octopode Shapeshifter began the quest for
                  | the Orb.
     0 | D:1      | Reached XP level 1. HP: 13/13 MP: 1/1
   140 | D:1      | Reached XP level 2. HP: 18/18 MP: 2/2
   357 | D:1      | Reached XP level 3. HP: 23/23 MP: 3/3
   784 | D:2      | You fall into a shaft and drop 1 floor!
   788 | D:3      | Found a runed translucent gate.
   789 | D:3      | Found a runed translucent gate.
   812 | D:3      | Found a runed translucent gate.
   978 | D:3      | Killed from afar by an orc priest

Illustrated notes

Levels and vault maps discovered:
D:1:      minmay_arrival_stone_box, layout_rooms, serial_bayou_pond_e,
          minivault_11, minmay_misc_feat_enclosed, minmay_close_crescents
D:2:      minmay_inner_zag, layout_loops_ring,
          shapermc_ecumenical_altar_flowoftime, kennysheep_generic_room_9,
          uniq_natasha
D:3:      layout_basic, gammafunk_ghost_cemetery, nicolae_half_adder

Action                     || total
---------------------------++-------
  Melee: Unarmed           ||    72
         Constrict         ||    23
         Tentacles         ||    14
         Punch             ||     3
    Use: Scroll            ||     5
   Stab: Sleeping          ||     7
 Armour: Skin              ||    29
  Dodge: Dodged            ||    39
